 Dungeon Crawl Stone Soup version 0.20.1-1-g8b1a95d (webtiles) character file.

2016 digijack the Spear-Bearer (level 9, -11/82 HPs)
             Began as a Yellow Draconian Berserker on Oct 18, 2017.
             Was a High Priest of Trog.
             Mangled by an angel
             ... wielding a +0 mace of holy wrath
              (19 damage)
             ... on level 6 of the Dungeon on Oct 20, 2017.
             The game lasted 00:53:53 (6692 turns).

digijack the Spear-Bearer (DrBe)                    Turns: 6692, Time: 00:53:54

Health: -11/82     AC:  8    Str: 23    XL:     9   Next: 3%
Magic:  9/9        EV: 15    Int:  5    God:    Trog [*****.]
Gold:   95         SH:  0    Dex: 11    Spells: 8/8 levels left

rFire    + . .     SeeInvis .   a - +1 spear
rCold    . . .     Gourm    .   (no shield)
rNeg     . . .     Faith    .   (armour unavailable)
rPois    .         Spirit   .   (helmet restricted)
rElec    .         Reflect  .   o - scarf {repulsion}
rCorr    +         Harm     .   (no gloves)
MR       .....                  (no boots)
Stlth    +.........             (no amulet)
Regen    0.0/turn               (no ring)
MPRegen  0.2/turn               (no ring)

@: berserk cooldown, slowed, glowing, repel missiles, very slow
A: spit acid, acid resistance, unfitting armour, horns 1, talons 2, blurry
vision 1, dopey 1, fire resistance 1, shaggy fur 1, inhibited regeneration, wild
magic 1, cold-blooded, AC +7
a: Breathe Acid, Berserk, Trog's Hand, Brothers in Arms, Burn Spellbooks,
Renounce Religion


You were on level 6 of the Dungeon.
You worshipped Trog.
Trog was extremely pleased with you.
You were very hungry.

You visited 1 branch of the dungeon, and saw 6 of its levels.
You also visited: Sewer.

You collected 251 gold pieces.
You spent 156 gold pieces at shops.

Inventory:

Hand Weapons
 a - a +1 spear (weapon)
Armour
 o - a scarf of repulsion (worn)
Wands
 c - a wand of digging (12/24)
 g - a wand of random effects (23/48)
 i - a wand of flame (20/48)
 t - a wand of flame (20/48)
Scrolls
 d - 5 scrolls of remove curse
 e - 9 scrolls of teleportation
 k - a scroll of fear
 m - a scroll of enchant armour
 n - 2 scrolls of identify
 r - a scroll of immolation
Potions
 j - a potion of heal wounds
 l - 5 potions of flight
 p - a potion of might
Books
 f - a book of Cantrips

   Spells                             Type                      Level
   a - Confusing Touch                Hexes                        1
   b - Animate Skeleton               Necromancy                   1
   c - Summon Small Mammal            Summoning                    1
   d - Apportation                    Translocation                1
   Trog disapproves of the use of such an item.
Comestibles
 b - 3 bread rations
 h - a fruit
 q - a chunk of flesh
 s - a meat ration


   Skills:
 + Level 8.8 Fighting
 + Level 11.0 Polearms
 - Level 7.0 Dodging


You had 8 spell levels left.
You didn't know any spells.

Dungeon Overview and Level Annotations

Branches:
Dungeon (6/15)
 Temple: D:4-7

Altars:
Ashenzari
Gozag
Kikubaaqudgha
Makhleb
Trog
Vehumet
Yredelemnul
Zin
The Shining One

Shops:
D:2 *   D:5 (   D:6 [


Innate Abilities, Weirdness & Mutations

You can spit globs of acid.
You are resistant to acid.
Your golden yellow scales are hard. (AC +7)
You cannot fit into any form of body armour.
You are cold-blooded and may be slowed by cold attacks.
You have a pair of small horns on your head.
You have razor-sharp toenails.
Scrolls take you a little longer to read.
You are dopey. (Int -2)
Your flesh is heat resistant. (rF+)
You are covered in fur. (AC +1)
You do not regenerate when monsters are visible.
Your spells are a little harder to cast, but a little more powerful.


Message History

* * * LOW HITPOINT WARNING * * *
You are too berserk!
You feel a strong urge to attack something.
There is an open door here.
You are no longer berserk.
You are exhausted.
You feel yourself slow down. The angel barely misses you.
The angel hits you but does no damage. The angel barely misses you.
The angel closely misses you. The angel barely misses you.
The angel hits you with a mace of holy wrath.
* * * LOW HITPOINT WARNING * * *
The angel hits you with a mace of holy wrath.
* * * LOW HITPOINT WARNING * * *
The angel hits you with a mace of holy wrath.
* * * LOW HITPOINT WARNING * * *
Really read with blurry vision while enemies are nearby?
Okay, then.
The angel hits you with a mace of holy wrath!!
You die...

#.#.#.#.## .. #. ..
#.#.#.#... #.... #.# ...
#.#.#.#### #.... #.#
...##......... #....##.#
##........#### #.......#
#.......###### .......##
#####.........
#.....#######.........
+....@#8.._##..รท......
##....A#....###..##....
###......'....###..##....
.....>....#..####.........
####.....##8...###..#.....
.......#.###### #..##....
........#.########..##....
###.......................
#...............#..##....


You could see an angel.

Vanquished Creatures
  Duvessa (D:4)
  2 sky beasts (D:5)
  3 phantoms
  An ogre (D:2)
  A centaur (D:5)
  A big kobold (D:6)
  A bullfrog (D:5)
  Dowan (D:4)
  A scorpion (D:5)
  A howler monkey (D:5)
  3 crimson imps (D:5)
  A jelly (D:5)
  2 hounds
  A bullfrog skeleton (D:6)
  A centaur skeleton (D:5)
  3 iguanas
  A merfolk siren (Sewer)
  2 orc wizards
  2 worker ants (D:3)
  A merfolk avatar (Sewer)
  Robin (D:4)
  A howler monkey skeleton (D:4)
  14 adders
  2 river rats (Sewer)
  2 adder zombies (D:6)
  A worm (D:2)
  4 dart slugs
  9 leopard geckos
  9 orcs
  4 giant cockroaches
  14 goblins
  15 hobgoblins
  16 jackals
  2 quokkas
  7 ball pythons
  13 bats
  7 frilled lizards
  13 kobolds
  A leopard gecko skeleton (D:4)
  26 rats
191 creatures vanquished.

Notes
Turn   | Place    | Note
-------+----------+-------------------------------------------
     0 | D:1      | digijack the Draconian Berserker began the quest for the Orb.
     0 | D:1      | Reached XP level 1. HP: 19/19 MP: 1/1
   184 | D:1      | Reached XP level 2. HP: 24/26 MP: 2/2
   546 | D:1      | Reached ** piety under Trog
   549 | D:1      | Reached XP level 3. HP: 15/33 MP: 3/3
  1061 | D:2      | Found Gozag's Platinum Reserve.
  1131 | D:2      | Found an opulent altar of Gozag.
  1690 | D:2      | Noticed an ogre
  1706 | D:2      | Killed an ogre
  1706 | D:2      | Reached skill level 4 in Polearms
  1706 | D:2      | Reached XP level 4. HP: 24/40 MP: 4/4
  2037 | D:2      | Found a burning altar of Makhleb.
  2044 | D:2      | Found an ancient bone altar of Kikubaaqudgha.
  2056 | D:2      | Reached XP level 5. HP: 35/46 MP: 5/5
  2063 | D:2      | Found a basalt altar of Yredelemnul.
  2063 | D:2      | Found a bloodstained altar of Trog.
  2132 | D:2      | Found a glowing golden altar of the Shining One.
  2519 | D:3      | Reached *** piety under Trog
  3049 | D:3      | Reached skill level 5 in Polearms
  3150 | D:3      | Reached skill level 9 in Polearms
  3150 | D:3      | Reached XP level 6. HP: 61/61 MP: 6/6
  3393 | D:4      | Noticed Duvessa
  3394 | D:4      | Noticed Dowan
  3425 | D:4      | Killed Duvessa
  3425 | D:4      | Your scales start taking on a golden yellow colour.
  3425 | D:4      | Reached XP level 7. HP: 43/67 MP: 7/7
  3448 | D:4      | Killed Dowan
  3853 | D:4      | Reached skill level 10 in Polearms
  4015 | D:4      | Gained mutation: Scrolls take you a little longer to read. [potion of mutation]
  4015 | D:4      | Gained mutation: You have sharp toenails. [potion of mutation]
  4015 | D:4      | Gained mutation: You are covered in fur. (AC +1) [potion of mutation]
  4015 | D:4      | Gained mutation: Your flesh is heat resistant. (rF+) [potion of mutation]
  4061 | D:4      | Noticed Robin
  4070 | D:4      | Killed Robin
  4480 | D:5      | Entered Level 5 of the Dungeon
  4593 | D:5      | Found a shattered altar of Ashenzari.
  4685 | D:5      | Reached XP level 8. HP: 64/74 MP: 8/8
  4691 | D:5      | Lost mutation: Scrolls take you a little longer to read. [mutagenic meat]
  4692 | D:5      | Gained mutation: You have a pair of small horns on your head. [mutagenic meat]
  4693 | D:5      | Gained mutation: You do not regenerate when monsters are visible. [mutagenic meat]
  4711 | D:5      | Reached **** piety under Trog
  4715 | D:5      | Gained mutation: You are dopey. (Int -2) [mutagenic meat]
  4716 | D:5      | Gained mutation: You have razor-sharp toenails. [mutagenic meat]
  4718 | D:5      | Gained mutation: Scrolls take you a little longer to read. [mutagenic meat]
  4719 | D:5      | Gained mutation: Your spells are a little harder to cast, but a little more powerful. [mutagenic meat]
  4830 | D:5      | Found Foer's Weapon Shop.
  5324 | D:5      | Found a radiant altar of Vehumet.
  5830 | D:6      | Found Ropuecao's Armour Shop.
  5837 | D:6      | Bought a scarf of repulsion for 156 gold pieces
  6088 | D:6      | Found a glowing drain.
  6103 | D:6      | Reached skill level 11 in Polearms
  6116 | Sewer    | Entered a sewer
  6180 | Sewer    | Reached ***** piety under Trog
  6336 | Sewer    | Reached XP level 9. HP: 79/82 MP: 9/9
  6663 | D:6      | Found a glowing silver altar of Zin.
  6663 | D:6      | Noticed an angel
  6692 | D:6      | Mangled by an angel

Skill      XL: |  1  2  3  4  5  6  7  8 |
---------------+-------------------------+-----
Dodging        | 3 6 7 |  7.0
Fighting       | 4 7 8 |  8.8
Polearms       | 4 9 10 11 | 11.0

Action                   |  1- 3 |  4- 6 |  7- 9 || total
-------------------------+-------+-------+-------++-------
Melee: Spear             |   136 |   147 |   372 ||   655
       Tailslap          |    14 |    17 |    44 ||    75
       Kick              |       |       |   100 ||   100
       Headbutt          |       |       |    38 ||    38
Invok: Berserk           |       |     1 |     1 ||     2
       Burn Spellbooks   |       |       |     2 ||     2
 Abil: Breathe Acid      |       |       |     1 ||     1
Evoke: Wand              |       |       |     2 ||     2
  Use: Scroll            |     5 |     5 |     2 ||    12
       Potion            |     3 |     4 |     3 ||    10
  Eat: Chunk             |     3 |     6 |    16 ||    25
       Bread ration      |       |       |     1 ||     1
       Fruit             |       |       |     1 ||     1
Armor: Skin              |    46 |    24 |    62 ||   132
Dodge: Dodged            |   103 |    63 |   146 ||   312
